Map: Submarino EE

Players

Eros - Winner!

  • Race: Terran Terran
  • League: Platinum
  • Spawn Location: 11:00

MrFercho

  • Race: Zerg Zerg
  • League: Gold
  • Spawn Location: 5:00

VOD

Have the link to the VOD?

Description

Time

  • Played on: Aug. 13, 2020, 9:03 p.m.
  • Length: 19:58
Show
View Real Time Build Order
Export as new Build Order

Eros Terran - Winner!

Build Orders: Liberator Opening 

Get SALT Encoding   

  12  0:03  SCV  
  13  0:15  SCV  
  13  0:19  Supply Depot  
  14  0:27  SCV  
  15  0:41  SCV  
  16  0:42  Barracks  
  16  0:45  Refinery  
  16  0:53  SCV  
  17  1:05  SCV  
  18  1:17  SCV  
  19  1:29  SCV  
  20  1:36  Reaper  
  21  1:42  Orbital Command  
  21  1:52  Command Center  
  21  2:09  SCV  
  21  2:11  Bunker  
  21  2:14  Marine  
  23  2:26  Factory  
  23  2:33  Barracks Reactor, Supply Depot  
  23  2:54  SCV  
  24  3:07  SCV  
  24  3:10  Refinery  
  25  3:16  Starport  
  25  3:19  SCV  
  26  3:22  Orbital Command  
  26  3:25  Barracks Tech Lab  
  26  3:31  SCV, Hellion  
  26  3:32  Hellion  
  31  3:40  Supply Depot  
  31  3:43  SCV, Marine  
  33  3:52  SCV, Hellion  
  33  3:55  SCV  
  37  4:01  Hellion, Marine  
  40  4:03  Supply Depot  
  40  4:04  SCV  
  40  4:07  SCV  
  40  4:08  Liberator  
  45  4:14  Supply Depot  
  45  4:16  SCV  
  46  4:19  SCV, Marine  
  48  4:26  Supply Depot  
  48  4:28  SCV  
  49  4:31  SCV  
  46  4:50  Supply Depot  
  45  5:04  Barracks  
  45  5:06  Barracks  
  45  5:12  Engineering Bay, Marine  
  45  5:13  Marine  
  47  5:14  Engineering Bay  
  47  5:30  Marine x2  
  49  5:40  Supply Depot, Siege Tank  
  49  5:42  Liberator  
  55  5:48  Marine x2  
  57  5:52  Barracks Tech Lab  
  57  5:53  Barracks Reactor  
  57  5:56  Terran Infantry Weapons Level 1  
  57  6:00  Refinery  
  57  6:01  SCV  
  57  6:02  Refinery  
  57  6:03  SCV  
  59  6:10  Command Center  
  59  6:12  Siege Tank  
  59  6:13  SCV  
  59  6:14  Stimpack  
  59  6:15  SCV  
  64  6:25  SCV, Medivac  
  67  6:27  SCV  
  68  6:37  SCV  
  68  6:39  SCV  
  67  6:49  SCV  
  67  6:51  SCV, Siege Tank  
  72  6:59  Supply Depot  
  72  7:01  SCV, Supply Depot  
  72  7:03  Supply Depot  
  72  7:04  Starport Reactor  
  72  7:06  Terran Infantry Armor Level 1  
  73  7:11  Marauder  
  73  7:12  Marine x4  
  73  7:14  SCV  
  80  7:22  Supply Depot  
  80  7:23  Orbital Command, Siege Tank  
  83  7:30  Marine x4  
  83  7:32  Armory  
  83  7:33  Marauder  
  89  7:44  Barracks  
  89  7:48  Marine x4  
  93  7:54  Marauder  
  95  8:05  Marine x2  
  95  8:10  Siege Tank  
  100  8:15  Marauder  
  100  8:17  Medivac  
  104  8:27  Terran Infantry Weapons Level 2  
  104  8:37  Marauder  
  106  8:42  Siege Tank  
  106  8:48  Orbital Command  
  109  8:58  Marauder  
  111  9:09  Barracks Reactor  
  111  9:10  Marine  
  111  9:11  Marine x3  
  111  9:14  Siege Tank  
  118  9:18  Supply Depot  
  118  9:19  Supply Depot  
  118  9:20  Supply Depot, Marauder  
  118  9:22  Supply Depot  
  120  9:25  SCV x3  
  120  9:28  Marine  
  120  9:29  Marine x3  
  120  9:31  Refinery  
  127  9:33  Refinery  
  127  9:37  SCV x3, Combat Shield  
  130  9:41  Marauder  
  132  9:46  Marine  
  132  9:47  Marine x3  
  132  9:49  SCV, Missile Turret  
  137  9:56  Missile Turret  
  137  10:02  Marauder  
  137  10:04  Marine x4  
  143  10:08  Siege Tank  
  143  10:12  Medivac x2  
  150  10:21  SCV  
  150  10:24  Marauder  
  150  10:25  Command Center  
  150  10:28  Marine x3  
  154  10:29  Marine  
  154  10:33  SCV  
  158  10:37  Terran Infantry Armor Level 2  
  158  10:40  Terran Vehicle Weapons Level 1, Siege Tank  
  158  10:42  Viking  
  163  10:45  SCV, Marauder  
  163  10:46  Marine  
  163  10:47  Marine x5  
  172  10:55  Concussive Shells  
  172  11:04  Marine  
  173  11:36  Marine, Siege Tank  
  173  11:37  Marauder  
  179  11:42  Terran Infantry Weapons Level 3  
  179  11:46  Marine  
  179  11:47  Marine x4  
  184  11:54  Marine  
  184  11:58  Marauder  
  184  12:00  Medivac x2  
  188  12:43  Planetary Fortress  
  188  12:44  Missile Turret  
  188  12:49  Missile Turret  
  188  12:55  Supply Depot x3  
  188  13:04  Missile Turret  
  188  13:12  Supply Depot  
  188  13:13  Terran Infantry Armor Level 3  
  188  13:14  Terran Vehicle Weapons Level 2  
  188  13:16  SCV, Marauder, Marine x6, Siege Tank  
  194  13:34  Marine x6  
  169  13:38  Marauder  
  119  13:48  Siege Tank  
  119  13:52  Marine x6  
  128  13:59  Marauder  
  130  14:09  Marine x6  
  136  14:20  Siege Tank  
  136  14:21  Marauder  
  141  14:27  Marine x6  
  147  14:34  Command Center  
  147  14:39  Command Center  
  147  14:42  Marauder  
  147  14:45  Marine x6  
  155  15:03  Marine x7  
  124  15:19  Siege Tank  
  124  15:21  Marauder, Marine x6  
  114  15:38  Marine x6  
  122  15:43  SCV x2, Marauder  
  122  15:47  Orbital Command  
  124  15:52  Siege Tank  
  124  15:55  SCV  
  124  15:56  SCV, Orbital Command, Marine x6  
  137  16:04  Refinery, Marauder  
  137  16:09  Supply Depot  
  137  16:10  Supply Depot  
  137  16:11  Supply Depot x2  
  137  16:13  Supply Depot  
  137  16:21  Refinery  
  137  16:22  Refinery  
  137  16:24  Siege Tank  
  137  16:25  Marauder, Marine x6  
  148  16:34  Barracks  
  148  16:39  Terran Vehicle Weapons Level 3  
  148  16:42  Marine  
  148  16:43  Marine x5  
  156  16:47  Marauder  
  156  16:56  Siege Tank  
  156  17:00  Marine  
  156  17:01  Marine x5  
  167  17:08  Marauder  
  167  17:18  Marine  
  167  17:19  Marine x5  
  165  17:28  Siege Tank  
  154  17:30  Marauder  
  143  17:38  Liberator x2  
  143  17:42  Barracks Reactor, Marine x5  
  143  17:43  Marine  
  155  17:50  Marine  
  156  18:00  Marine x6  
  156  18:04  Siege Tank  
  156  18:05  Smart Servos  
  165  18:09  Marauder  
  165  18:11  Hi-Sec Auto Tracking, Neosteel Armor  
  167  18:18  Marine x6  
  170  18:21  Liberator x2  
  166  18:30  Marauder  
  148  18:35  Marine  
  148  18:36  Marine x5, Siege Tank  
  148  18:37  Marine x2  
  159  18:51  Marauder  
  159  18:53  Marine  
  159  18:54  Marine x5  
  159  18:55  Marine x2  
  159  19:11  Marine  
  159  19:12  Marine x6  
  159  19:13  Marauder, Marine  
  153  19:29  Marine x6  
  153  19:30  Marine  
  153  19:31  Marine  
  163  19:34  Marauder  
Show
View Real Time Build Order
Export as new Build Order

MrFercho Zerg 

Build Orders: Hatch First, Lurkers 

Get SALT Encoding   

  12  0:00  Drone  
  13  0:13  Overlord  
  13  0:18  Drone  
  14  0:32  Drone x2  
  16  0:49  Hatchery  
  15  0:52  Drone  
  15  0:56  Drone  
  17  0:59  Drone  
  18  1:11  Extractor  
  18  1:16  Spawning Pool  
  16  1:19  Drone  
  16  1:21  Drone  
  18  1:29  Drone  
  19  1:50  Drone  
  20  2:00  Overlord  
  20  2:04  Queen x2  
  20  2:07  Zergling x4  
  26  2:11  Drone  
  27  2:19  Drone  
  28  2:28  Drone  
  28  2:29  Drone  
  30  2:33  Drone  
  30  2:36  Drone  
  32  2:44  Drone x2  
  34  2:52  Queen  
  36  3:08  Overlord  
  36  3:09  Overlord  
  36  3:17  Roach Warren  
  36  3:18  Drone  
  36  3:20  Evolution Chamber, Drone  
  36  3:36  Drone x8  
  36  3:40  Extractor  
  43  3:43  Extractor  
  42  3:49  Drone x2  
  44  4:14  Drone x3  
  44  4:15  Drone x3  
  50  4:19  Zerg Missile Weapons Level 1  
  50  4:22  Lair  
  50  4:26  Overlord x2  
  50  4:27  Overlord  
  50  4:33  Roach  
  52  4:39  Spine Crawler  
  51  4:51  Roach  
  51  4:52  Roach x4  
  61  5:02  Roach  
  61  5:03  Roach x2  
  64  5:36  Spore Crawler  
  63  5:57  Queen  
  61  5:59  Spore Crawler  
  62  6:05  Ravager x4  
  62  6:06  Glial Reconstitution  
  66  6:37  Hatchery  
  62  6:53  Drone x3  
  62  6:54  Drone x2  
  67  7:05  Zerg Missile Weapons Level 2  
  67  7:15  Roach x4  
  75  7:17  Overlord x5  
  75  7:36  Roach, Evolution Chamber  
  88  7:37  Roach x9  
  94  8:13  Drone x12  
  106  8:23  Hydralisk Den, Zerg Ground Armor Level 1  
  105  8:29  Drone x2  
  105  8:30  Drone  
  108  8:46  Roach x5  
  118  8:53  Overlord  
  118  8:54  Overlord x2  
  118  9:11  Overlord x2  
  118  9:14  Roach x5  
  128  9:34  Roach  
  128  9:35  Roach x11  
  128  9:38  Extractor  
  151  9:40  Extractor  
  150  10:01  Drone x2  
  150  10:02  Drone x2  
  150  10:05  Overlord x6  
  154  10:10  Extractor  
  154  10:13  Muscular Augments  
  153  10:19  Lurker Den  
  152  10:23  Infestation Pit  
  152  10:24  Roach x5  
  161  10:51  Overlord x4  
  161  10:55  Hydralisk  
  161  10:56  Hydralisk x4  
  171  10:59  Zerg Ground Armor Level 2  
  171  11:02  Hive  
  171  11:15  Hatchery  
  170  11:24  Grooved Spines  
  168  11:38  Hatchery  
  161  11:56  Drone  
  161  11:57  Drone x6  
  168  12:26  Hydralisk x4  
  168  12:27  Hydralisk x4  
  184  12:32  Lurker x5  
  184  12:36  Zerg Missile Weapons Level 3  
  189  12:38  Adaptive Talons  
  189  12:53  Hydralisk x5  
  150  13:35  Seismic Spines  
  84  14:08  Roach  
  84  14:09  Roach x21  
  134  14:10  Roach x3  
  128  14:25  Hydralisk x4  
  136  14:44  Zerg Ground Armor Level 3  
  128  15:09  Hydralisk x11  
  128  15:10  Hydralisk x4  
  106  15:31  Hydralisk x6  
  106  15:32  Hydralisk x2  
  101  16:03  Drone x5  
  101  16:04  Drone x4  
  108  16:05  Drone x2  
  112  16:12  Extractor  
  112  16:16  Extractor  
  110  16:20  Lurker x7  
  117  16:38  Queen  
  119  16:40  Queen  
  119  16:43  Adrenal Glands  
  121  16:48  Zerg Melee Weapons Level 1  
  121  16:54  Zergling x10  
  121  16:55  Zergling x26  
  116  17:34  Hydralisk x14  
  137  17:48  Baneling Nest  
  136  17:52  Hydralisk x3  
  136  17:53  Hydralisk x5  
  152  18:15  Metabolic Boost  
  83  18:38  Zergling x10  
  83  18:39  Zergling x26  
  75  19:12  Hatchery  
  75  19:15  Extractor  
  55  19:17  Zergling x4  
  55  19:18  Zergling x24  
  55  19:19  Extractor  
  66  19:28  Zergling x4  
Tags
 
Composition
Lurkers
Matchup
TvZ
Replay Pack
MrFercho
Spawn Locations
Cross Positions
Add a new tag
Caveats
  • Supply blocks, unpowered buildings, or Contaminate may cause inaccurate times.
  • Supply counts are checked every 10 seconds.